Map: Amygdala

Players

trigger

  • Race: Protoss Protoss
  • Spawn Location: 7:00

MaxPax - Winner!

  • Race: Protoss Protoss
  • Spawn Location: 1:00

VOD

Have the link to the VOD?

Description

Time

  • Played on: Feb. 3, 2025, 8:39 a.m.
  • Length: 22:47
Show
View Real Time Build Order
Export as new Build Order

trigger Protoss 

Build Orders: Phoenix Opening, Blink Stalkers 

Get SALT Encoding   

  12  0:00  Probe  
  13  0:12  Probe  
  14  0:16  Pylon  
  14  0:23  Probe  
  15  0:31  Probe  
  15  0:36  Gateway  
  15  0:39  Probe  
  16  0:45  Assimilator  
  17  0:51  Probe  
  17  0:53  Assimilator  
  18  0:59  Probe  
  19  1:07  Gateway, Probe  
  19  1:17  Probe  
  20  1:23  Cybernetics Core  
  21  1:29  Probe  
  22  1:38  Pylon  
  22  1:42  Probe  
  23  1:59  Adept x2  
  23  2:00  Warp Gate  
  27  2:08  Pylon  
  27  2:11  Probe  
  28  2:27  Probe  
  29  2:32  Sentry  
  29  2:33  Sentry  
  33  2:38  Nexus  
  33  2:41  Probe  
  34  2:53  Stalker  
  34  2:54  Probe  
  34  2:57  Phoenix  
  37  3:01  Pylon  
  37  3:07  Probe  
  37  3:11  Twilight Council  
  38  3:19  Probe  
  39  3:31  Probe  
  39  3:34  Forge  
  40  3:39  Blink  
  40  3:44  Probe  
  41  3:52  Stalker x2  
  41  3:54  Probe  
  46  3:56  Probe  
  46  4:02  Probe  
  47  4:03  Protoss Ground Weapons Level 1  
  47  4:08  Probe  
  45  4:10  Probe  
  46  4:20  Probe, Stalker  
  46  4:21  Probe, Stalker  
  52  4:32  Probe  
  52  4:33  Probe  
  54  4:38  Pylon  
  54  4:44  Probe  
  54  4:45  Probe  
  55  4:46  Stalker  
  55  4:47  Stalker  
  55  4:49  Phoenix  
  55  4:50  Photon Cannon  
  59  5:12  Photon Cannon  
  59  5:14  Nexus  
  59  5:15  Pylon  
  59  5:18  Stalker  
  59  5:19  Stalker  
  63  5:22  Probe x2  
  63  5:26  Phoenix  
  65  5:30  Gateway  
  65  5:35  Photon Cannon  
  65  5:39  Probe x2  
  67  5:46  Stalker  
  67  5:47  Pylon, Stalker  
  71  5:51  Probe  
  71  5:53  Probe  
  71  5:55  Assimilator  
  73  6:03  Probe x2  
  74  6:05  Robotics Facility  
  74  6:07  Protoss Ground Weapons Level 2  
  74  6:11  Probe  
  75  6:14  Stalker x2  
  75  6:15  Probe  
  81  6:19  Phoenix  
  81  6:21  Probe  
  82  6:26  Probe  
  82  6:27  Probe  
  82  6:33  Probe  
  82  6:35  Probe  
  82  6:38  Stalker x3  
  82  6:39  Probe  
  91  6:43  Probe  
  91  6:44  Assimilator  
  91  6:45  Pylon  
  91  6:47  Observer  
  91  6:49  Probe  
  91  6:51  Probe  
  91  6:52  Probe  
  93  7:01  Probe  
  95  7:04  Probe  
  92  7:11  Stalker x2  
  92  7:12  Stalker  
  92  7:13  Probe  
  97  7:15  Probe  
  97  7:17  Probe  
  97  7:18  Assimilator  
  97  7:20  Immortal  
  97  7:22  Gateway x2  
  99  7:23  Gateway  
  99  7:26  Probe  
  101  7:30  Probe x2  
  106  7:39  Stalker  
  106  7:40  Probe  
  109  7:50  Stalker  
  109  7:56  Nexus  
  107  7:58  Pylon  
  107  8:00  Pylon  
  107  8:03  Stalker  
  109  8:06  Gateway  
  109  8:07  Pylon  
  109  8:10  Observer  
  109  8:16  Pylon x2  
  109  8:17  Protoss Ground Weapons Level 3  
  110  8:20  Shield Battery  
  110  8:22  Dark Shrine, Photon Cannon  
  110  8:24  Charge  
  110  8:27  Stalker x4  
  110  8:31  Shield Battery  
  110  8:33  Probe  
  110  8:34  Probe, Pylon  
  120  8:35  Probe  
  121  8:46  Probe x2, Pylon  
  121  8:47  Probe  
  123  8:59  Probe  
  124  9:05  Stalker x5  
  134  9:13  Probe  
  134  9:15  Gateway, Probe  
  136  9:17  Gateway  
  136  9:26  Gateway  
  136  9:29  Gateway  
  136  9:33  Shadow Stride  
  136  9:34  Stalker x6  
  147  9:45  Probe x3  
  143  9:46  Assimilator  
  143  9:50  Observer  
  144  9:54  Dark Templar  
  143  10:01  Nexus, Stalker x3  
  143  10:02  Stalker x2  
  145  10:13  Dark Templar  
  147  10:16  Pylon  
  147  10:19  Photon Cannon  
  147  10:20  Photon Cannon  
  147  10:24  Pylon  
  147  10:27  Pylon  
  147  10:28  Pylon  
  147  10:36  Protoss Ground Armor Level 1, Stalker x5  
  147  10:37  Stalker x3  
  147  10:38  Zealot  
  147  10:42  Zealot  
  167  10:49  Photon Cannon  
  165  11:01  Zealot x10  
  165  11:04  Zealot  
  185  11:11  Warp Prism, Observer  
  181  11:22  Dark Templar x2  
  181  11:23  Dark Templar x3  
  193  11:26  Zealot x3  
  200  11:32  Probe  
  182  11:49  Archon  
  174  11:56  Probe x4  
  174  11:57  Zealot x11  
  196  12:13  Photon Cannon  
  196  12:16  Photon Cannon  
  196  12:17  Photon Cannon  
  196  12:18  Photon Cannon, Observer  
  196  12:20  Photon Cannon  
  196  12:22  Shield Battery  
  196  12:24  Pylon  
  195  12:37  Observer  
  195  12:41  Zealot x4  
  196  12:47  Dark Templar x4  
  196  12:48  Zealot  
  192  12:53  Zealot x2  
  149  13:10  Zealot x5  
  157  13:13  Probe x2  
  157  13:16  Zealot x2  
  156  13:20  Stalker x4  
  156  13:22  Probe  
  159  13:28  Probe x3  
  159  13:29  Probe  
  159  13:30  Photon Cannon  
  159  13:32  Photon Cannon  
  164  13:34  Probe  
  164  13:38  Dark Templar x5  
  164  13:39  Dark Templar x2  
  164  13:40  Probe x2  
  180  13:43  Zealot x3  
  180  13:44  Zealot  
  188  13:53  Probe, Observer  
  178  13:59  Probe x2  
  178  14:00  Probe  
  172  14:05  Zealot x4  
  172  14:08  Probe x2  
  182  14:14  Stalker x6  
  182  14:16  Probe x2  
  196  14:20  Probe  
  196  14:23  Probe  
  193  14:25  Probe  
  193  14:28  Probe  
  193  14:29  Dark Templar x4  
  193  14:30  Probe  
  194  14:33  Probe  
  194  14:35  Probe  
  194  14:36  Photon Cannon  
  194  14:37  Photon Cannon  
  193  14:45  Protoss Ground Armor Level 2  
  193  14:52  Zealot x4  
  200  14:56  Pylon  
  200  15:01  Archon x2  
  200  15:02  Photon Cannon  
  200  15:21  Photon Cannon  
  200  15:24  Archon x2  
  200  15:25  Photon Cannon  
  200  15:28  Photon Cannon x2  
  200  15:30  Photon Cannon  
  200  15:32  Stalker x2  
  190  15:36  Zealot x5  
  190  15:37  Zealot  
  196  15:47  Photon Cannon  
  196  15:48  Photon Cannon  
  196  15:54  Robotics Facility  
  196  15:56  Zealot x4  
  196  16:10  Zealot x4  
  180  16:27  Assimilator  
  180  16:32  Zealot x8  
  182  16:33  Zealot x3  
  182  16:39  Nexus  
  184  16:55  Stalker x10  
  196  17:01  Warp Prism  
  190  17:15  Protoss Shields Level 1  
  188  17:23  Zealot x2  
  188  17:24  Zealot x4  
  200  17:32  Observer  
  194  17:40  Observer  
  172  17:47  Dark Templar x5  
  172  17:48  Zealot x5  
  140  18:08  Zealot x5  
  140  18:09  Zealot  
  150  18:23  Stalker x2  
  150  18:24  Stalker x3, Observer x2  
  160  18:29  Assimilator  
  160  18:38  Zealot x6  
  160  18:40  Nexus  
  172  18:52  Zealot x5  
  182  18:59  Zealot x6  
  126  19:24  Zealot x11  
  126  19:25  Probe  
  126  19:28  Probe x2  
  152  19:31  Probe x2  
  149  19:41  Probe  
  118  20:14  Immortal  
  118  20:16  Stalker x11  
  140  20:30  Pylon  
  118  20:45  Dark Templar x7  
  118  20:46  Zealot  
  132  20:51  Zealot x2  
  83  21:21  Stalker x9  
  91  21:47  Stalker x8  
  91  21:49  Stalker  
  108  21:55  Sentry x2  
  111  22:08  Probe x4  
  112  22:18  Stalker x3  
  112  22:19  Stalker  
  111  22:35  Stalker x3  
Show
View Real Time Build Order
Export as new Build Order

MaxPax Protoss - Winner!

Build Orders: Oracle Opening 

Get SALT Encoding   

  12  0:00  Probe  
  13  0:12  Probe  
  14  0:17  Pylon  
  14  0:23  Probe  
  15  0:31  Probe  
  15  0:37  Gateway  
  15  0:40  Probe  
  16  0:45  Assimilator  
  17  0:51  Probe  
  17  0:54  Assimilator  
  18  0:59  Probe  
  19  1:05  Pylon  
  19  1:07  Probe  
  19  1:17  Probe  
  20  1:24  Cybernetics Core  
  21  1:29  Probe  
  21  1:31  Zealot  
  24  1:41  Probe  
  25  1:53  Probe  
  26  2:01  Stargate, Adept  
  28  2:09  Warp Gate  
  28  2:22  Nexus  
  28  2:30  Pylon  
  28  2:34  Stalker  
  30  2:38  Oracle  
  33  2:53  Shield Battery  
  33  3:00  Probe  
  34  3:12  Probe  
  33  3:16  Oracle  
  36  3:24  Gateway, Probe  
  37  3:34  Twilight Council  
  37  3:36  Probe x2  
  39  3:48  Probe x2  
  41  4:00  Probe  
  41  4:01  Probe  
  40  4:12  Probe  
  40  4:13  Probe  
  40  4:14  Dark Shrine  
  42  4:22  Blink  
  42  4:24  Probe  
  42  4:25  Probe  
  42  4:29  Assimilator  
  42  4:30  Pylon  
  44  4:36  Probe  
  44  4:37  Probe, Pylon  
  46  4:45  Probe  
  46  4:46  Probe  
  46  4:50  Gateway  
  48  4:53  Probe  
  48  4:54  Probe, Stalker  
  52  5:02  Gateway  
  52  5:03  Probe  
  52  5:04  Probe  
  54  5:15  Probe  
  54  5:16  Probe  
  56  5:27  Probe  
  56  5:28  Nexus, Probe  
  58  5:29  Dark Templar  
  58  5:32  Dark Templar  
  62  5:39  Probe  
  62  5:40  Probe  
  60  5:50  Stalker  
  62  5:57  Pylon  
  62  6:03  Gateway  
  62  6:05  Pylon  
  62  6:12  Probe x2  
  62  6:16  Stalker x3  
  68  6:24  Probe x2, Shield Battery  
  70  6:26  Forge  
  70  6:32  Robotics Facility  
  70  6:35  Probe  
  70  6:36  Probe  
  70  6:37  Probe, Pylon  
  73  6:41  Stalker x2  
  73  6:42  Stalker  
  73  6:43  Probe  
  73  6:45  Probe  
  73  6:46  Protoss Ground Weapons Level 1  
  79  6:48  Probe  
  79  6:51  Probe  
  79  6:54  Probe  
  82  7:00  Probe  
  85  7:03  Probe  
  85  7:05  Stalker x3  
  85  7:06  Probe  
  93  7:13  Probe  
  93  7:15  Probe  
  93  7:17  Gateway  
  93  7:18  Probe  
  93  7:19  Gateway  
  92  7:26  Stalker  
  92  7:29  Assimilator  
  94  7:40  Stalker x3  
  95  7:44  Probe  
  95  7:45  Probe  
  94  7:57  Probe  
  95  7:58  Observer  
  95  8:00  Stalker  
  95  8:02  Photon Cannon  
  95  8:05  Stalker  
  100  8:07  Nexus  
  100  8:08  Pylon  
  100  8:09  Pylon  
  100  8:12  Pylon  
  100  8:19  Probe  
  101  8:21  Immortal  
  101  8:26  Probe  
  106  8:28  Dark Templar  
  106  8:29  Stalker x4  
  106  8:30  Stalker  
  118  8:34  Probe  
  118  8:35  Probe  
  118  8:37  Charge  
  120  8:42  Gateway x2  
  120  8:44  Probe  
  121  8:51  Protoss Ground Weapons Level 2  
  121  8:55  Observer  
  117  9:00  Shield Battery  
  117  9:02  Stalker x4  
  124  9:04  Probe  
  125  9:10  Gateway  
  125  9:11  Gateway  
  124  9:25  Stalker x2  
  124  9:26  Pylon  
  124  9:27  Zealot x3  
  124  9:31  Probe  
  133  9:37  Probe x2  
  131  9:42  Probe  
  131  9:43  Probe  
  131  9:45  Photon Cannon  
  131  9:50  Stalker x4  
  139  9:53  Probe  
  139  9:56  Pylon  
  140  10:02  Probe  
  140  10:03  Probe  
  140  10:05  Pylon  
  142  10:07  Shadow Stride  
  142  10:13  Zealot x3  
  142  10:14  Zealot  
  148  10:16  Pylon  
  148  10:19  Zealot x4  
  156  10:23  Probe  
  156  10:24  Assimilator  
  156  10:25  Photon Cannon  
  156  10:26  Assimilator  
  156  10:27  Photon Cannon, Observer  
  157  10:32  Photon Cannon, Pylon  
  157  10:37  Sentry  
  157  10:38  Zealot x5  
  169  10:51  Pylon  
  169  10:53  Probe x2  
  169  10:56  Pylon  
  168  11:05  Zealot x6  
  176  11:20  Immortal  
  178  11:30  Dark Templar x5  
  178  11:32  Stalker x3  
  194  11:35  Nexus  
  194  11:36  Protoss Ground Weapons Level 3, Pylon x2  
  176  11:53  Stalker x2  
  176  11:58  Stalker x3  
  176  12:00  Probe x2  
  184  12:01  Photon Cannon  
  184  12:02  Shield Battery  
  184  12:03  Pylon  
  184  12:08  Zealot x5  
  188  12:09  Probe  
  188  12:10  Probe  
  188  12:12  Pylon  
  192  12:34  Zealot  
  192  12:35  Dark Templar x3, Zealot x2  
  198  12:38  Probe  
  195  12:47  Probe  
  195  12:50  Dark Templar, Zealot x3  
  195  12:51  Probe  
  198  12:52  Probe x2  
  198  12:56  Probe  
  188  13:00  Observer  
  188  13:05  Zealot x3  
  180  13:07  Probe x3, Photon Cannon  
  180  13:08  Sentry, Zealot x2  
  188  13:18  Immortal  
  180  13:29  Probe  
  180  13:30  Stalker x9  
  180  13:33  Photon Cannon  
  197  13:38  Probe, Pylon  
  197  13:40  Nexus  
  198  13:41  Pylon  
  198  13:46  Probe  
  195  13:57  Observer  
  195  14:01  Dark Templar, Zealot x5  
  198  14:12  Stalker  
  198  14:13  Protoss Ground Armor Level 1  
  193  14:28  Probe  
  188  14:39  Probe x2  
  188  14:41  Stalker x4  
  188  14:42  Stalker  
  194  15:04  Pylon  
  194  15:06  Photon Cannon  
  194  15:07  Gateway, Shield Battery  
  194  15:08  Photon Cannon  
  194  15:09  Gateway, Photon Cannon x2  
  194  15:10  Gateway  
  194  15:12  Photon Cannon  
  194  15:13  Gateway, Photon Cannon  
  194  15:14  Gateway, Pylon  
  194  15:15  Gateway  
  194  15:19  Observer  
  194  15:20  Pylon  
  195  15:23  Shield Battery  
  193  15:35  Stalker x7  
  195  15:37  Observer  
  190  15:49  Assimilator, Robotics Facility, Robotics Bay  
  189  15:50  Assimilator  
  189  15:54  Stalker x3  
  195  15:57  Photon Cannon  
  195  15:59  Pylon  
  195  16:02  Zealot x2  
  197  16:06  Zealot x3  
  199  16:13  Observer  
  196  16:23  Zealot x5  
  196  16:24  Zealot  
  198  16:29  Sentry  
  200  16:39  Protoss Ground Armor Level 2  
  185  16:47  Disruptor  
  185  16:48  Disruptor  
  183  16:59  Zealot x9  
  193  17:06  Zealot x2  
  193  17:07  Zealot  
  196  17:15  Zealot x4  
  193  17:21  Pylon  
  193  17:23  Observer  
  193  17:24  Disruptor  
  198  17:35  Stalker x4  
  198  17:36  Stalker  
  199  17:41  Disruptor, Zealot x2  
  170  17:55  Zealot x4  
  170  17:56  Zealot x5  
  170  17:59  Disruptor  
  150  18:14  Probe x4  
  150  18:16  Observer  
  154  18:22  Nexus  
  154  18:27  Photon Cannon  
  154  18:29  Shield Battery  
  154  18:30  Stalker x12  
  178  18:34  Disruptor  
  178  18:35  Disruptor  
  178  18:40  Nexus  
  184  18:49  Pylon  
  184  18:50  Dark Templar, Zealot x3  
  184  18:52  Pylon  
  191  18:58  Zealot x3  
  191  18:59  Zealot x2  
  199  19:05  Photon Cannon  
  191  19:10  Observer  
  154  19:22  Stalker x5  
  154  19:23  Stalker x2  
  154  19:24  Zealot x5  
  160  19:40  Probe x2  
  160  19:43  Zealot x4  
  157  20:00  Probe  
  134  20:15  Stalker x9  
  134  20:21  Zealot x2  
  156  20:34  Observer  
  148  20:40  Probe  
  142  20:46  Probe x3  
  145  20:50  Zealot x5  
  145  20:51  Zealot x2  
  151  21:06  Zealot x6  
  151  21:08  Observer  
  139  21:17  Stalker x3  
  135  21:26  Observer  
  134  21:34  Zealot x2  
  134  21:35  Zealot x4  
  144  21:51  Stalker x5  
  148  22:10  Sentry, Zealot x5  
  144  22:38  Nexus  
Tags
 
Add a new tag
Caveats
  • Supply blocks, unpowered buildings, or Contaminate may cause inaccurate times.
  • Supply counts are checked every 10 seconds.